 Dungeon Crawl Stone Soup version 0.29-a0-23-ga79f92ac9c (webtiles) character file.

Game seed: 10656172547720693489

611 HallandMoats the Skirmisher (level 7, 0/37 HPs)
             Began as a Vine Stalker Fighter on Jan 30, 2022.
             Was an Initiate of the Shining One.
             Succumbed to a water moccasin's poison
             ... on level 5 of the Dungeon.
             The game lasted 00:05:03 (4302 turns).

HallandMoats the Skirmisher (Vine Stalker Fighter)  Turns: 4302, Time: 00:05:03

Health: 0/37       AC:  9    Str: 19    XL:     7   Next: 44%
Magic:  5/10       EV: 10    Int:  8    God:    the Shining One [......]
Gold:   162        SH:  5    Dex: 15    Spells: 6/6 levels left

rFire   . . .      SeeInvis .   a - +0 war axe
rCold   . . .      Faith    .   c - +0 buckler
rNeg    + . .      Spirit   +   b - +0 scale mail
rPois   .          Reflect  .   m - +0 helmet
rElec   .          Harm     .   j - +0 cloak
rCorr   .          Rampage  .   (no gloves)
Will    .....                   (no boots)
Stlth   ..........              y - amulet of regeneration
HPRegen 1.72/turn               s - ring of positive energy
MPRegen 0.12/turn               (no ring)

@: brilliant, lethally poisoned (0 -> -11), glowing
A: fangs 2, regeneration 1, magic shield, antimagic bite, no potion heal 2
a: Renounce Religion


You were on level 5 of the Dungeon.
You worshipped the Shining One.
The Shining One was noncommittal.
You visited 2 branches of the dungeon, and saw 6 of its levels.

You collected 162 gold pieces.

Inventory:

Hand Weapons
 a - a +0 war axe (weapon)
Armour
 b - a +0 scale mail (worn)
 c - a +0 buckler (worn)
 j - a +0 cloak (worn)
 m - a +0 helmet (worn)
Jewellery
 q - a ring of fire
 s - a ring of positive energy (left hand)
 w - an amulet of faith
 y - an amulet of regeneration (around neck)
Wands
 d - a wand of acid (12)
 l - a wand of digging (4)
 A - a wand of iceblast (9)
Scrolls
 f - 2 scrolls of identify {unknown}
 g - 4 scrolls of amnesia {unknown}
 i - 2 scrolls of teleportation {unknown}
 o - a scroll of enchant weapon {unknown}
 p - a scroll of magic mapping {unknown}
 x - 3 scrolls of blinking {unknown}
 z - 2 scrolls of noise {unknown}
 B - a scroll of brand weapon {unknown}
Potions
 e - a potion of heal wounds
 h - a potion of brilliance
 k - a potion of lignification {unknown}
 n - a potion of attraction {unknown}
 r - a potion of flight {unknown}
 t - 2 potions of curing {unknown}
 u - a potion of haste {unknown}
 v - 2 potions of magic {unknown}
 C - a potion of mutation {unknown}


   Skills:
 * Level 4.2 Fighting
 * Level 3.6 Axes
 + Level 3.2 Armour
 + Level 1.8 Dodging
 + Level 3.5 Shields
 * Level 3.4 Invocations


You had 6 spell levels left.
You didn't know any spells.
Your spell library contained the following spells:

 Spells                   Type           Power      Damage    Failure   Level
 Ignite Poison            Fire/Tmut/Pois 0%         N/A       99%         3
 Mephitic Cloud           Conj/Pois/Air  0%         N/A       99%         3
 Freezing Cloud           Conj/Ice/Air   0%         6-21      100%        5


Dungeon Overview and Level Annotations

Branches:
Dungeon (5/15)             Temple (1/1) D:4

Altars:
Ashenzari
Dithmenos
Gozag
Hepliaklqana
Kikubaaqudgha
Makhleb
Nemelex Xobeh
Okawaru
Qazlal
Sif Muna
Trog
Uskayaw
Vehumet
Xom
Yredelemnul
Zin
The Shining One

Shops:
D:1 (   D:2 =   D:4 [


Innate Abilities, Weirdness & Mutations

You have extremely sharp teeth.
Your natural rate of healing is unusually fast.
When hurt, damage is shared between your health and your magic reserves.
Your bite disrupts and absorbs the magic of your enemies.
Potions cannot restore your health.


Message History

You miss the hound. You bite the hound.
You kill the hound!
You barely miss the water moccasin.
The water moccasin bites you but does no damage. x2
You slash the water moccasin! You bite the water moccasin. You drain its power.
You feel invigorated.
The water moccasin is moderately wounded.
The water moccasin closely misses you.
The water moccasin bites you but does no damage.
You miss the water moccasin. You bite the water moccasin. You drain its power.
The water moccasin is heavily wounded.
The water moccasin bites you.
You are poisoned.
The water moccasin poisons you! The water moccasin bites you.
You are more poisoned.
The water moccasin poisons you!
It was a potion of heal wounds.
That seemed strangely inert.
You feel extremely sick. The water moccasin barely misses you.
It was a potion of brilliance.
You feel clever all of a sudden.
You feel very sick. The water moccasin bites you. x2
You slash the water moccasin!
The water moccasin is almost dead.
You feel very sick. The water moccasin bites you.
* * * LOW HITPOINT WARNING * * *
You are lethally poisoned!
The water moccasin poisons you! The water moccasin barely misses you.
You miss the water moccasin. Your bite misses the water moccasin.
The water moccasin is almost dead.
* * * LOW HITPOINT WARNING * * *
You feel extremely sick. The water moccasin closely misses you.
Unknown command.
You hit the water moccasin but do no damage.
Your bite misses the water moccasin.
The water moccasin is almost dead.
You die...

..#####........##.##..#.####
.......####.##.##.##.##.# #
#..................#
#..###.#.###.##.####
#..###.#.###.##.#
#............##.##
##.##.##.#####...# #.......#
#...# ##..#@..# #...#
#.#†#S.#####...#####
..#...#.#...........##
#.#................#...
....... ..#...(.......##
##.#... #####...######
...#... #...# # .. ###.
#...# # #...# #


You could see a water moccasin.

Vanquished Creatures
  A black bear (D:5)
  3 scorpions
  2 hounds (D:5)
  An orc priest (D:3)
  Ijyb (D:3)
  A centaur skeleton (D:4)
  2 hound skeletons (D:4)
  4 gnolls
  3 adders
  2 worms (D:2)
  2 dart slugs
  3 orcs (D:3)
  5 endoplasms
  5 giant cockroaches
  7 goblins
  4 hobgoblins
  16 jackals
  12 kobolds
  2 quokkas
  6 ball pythons
  6 bats
  4 frilled lizards
  9 rats
101 creatures vanquished.

Vanquished Creatures (others)
  An orc (D:3)
1 creature vanquished.

Grand Total: 102 creatures vanquished

Notes
Turn   | Place    | Note
-------+----------+-------------------------------------------
     0 | D:1      | HallandMoats the Vine Stalker Fighter began the quest for
                  | the Orb.
     0 | D:1      | Reached XP level 1. HP: 11/11 MP: 2/2
   202 | D:1      | Reached XP level 2. HP: 7/16 MP: 0/3
   888 | D:1      | Reached XP level 3. HP: 15/19 MP: 2/4
   965 | D:1      | Reached skill level 3 in Fighting
   967 | D:1      | Reached skill level 1 in Invocations
   993 | D:1      | Found Aqoizen's Weapon Shoppe.
  1626 | D:2      | Found Ynoig's Jewellery Emporium.
  2036 | D:2      | Gained mutation: Your natural rate of healing is unusually
                  | fast. [Vine Stalker growth]
  2036 | D:2      | Reached XP level 4. HP: 9/24 MP: 4/6
  2117 | D:2      | Found a faded altar of an unknown god.
  2382 | D:2      | Reached skill level 1 in Dodging
  2504 | D:2      | Reached XP level 5. HP: 28/28 MP: 7/7
  2585 | D:3      | Found a stormy altar of Qazlal.
  2592 | D:3      | Noticed Ijyb
  2614 | D:3      | Killed Ijyb
  3218 | D:4      | Reached XP level 6. HP: 12/32 MP: 8/8
  3367 | D:4      | Found Vomet's Armour Boutique.
  3413 | D:4      | Found a staircase to the Ecumenical Temple.
  3470 | Temple   | Entered the Ecumenical Temple
  3674 | Temple   | Became a worshipper of the Shining One
  3910 | D:5      | Entered Level 5 of the Dungeon
  3974 | D:5      | Reached skill level 4 in Fighting
  3974 | D:5      | Reached XP level 7. HP: 37/37 MP: 7/10
  4302 | D:5      | Succumbed to a water moccasin's poison

Illustrated notes

Levels and vault maps discovered:
D:1:      lightli_arrival_statuegarden, layout_basic, serial_shops, shop_statue,
          nrook_mini_vaults, nicolae_concentric_dashed_squares_mild
D:2:      layout_basic, shapermc_ecumenical_altar_notcrosses, serial_shops,
          nicolae_shop_stone
D:3:      layout_rooms, nicolae_qazlal_scattered_showers, uniq_ijyb
D:4:      layout_rooms, minmay_temple_entry_statues, serial_shops, shop_statue,
          minmay_cupped
D:5:      layout_loops_cross, jmf_multi_god_temple, uniq_menkaure
Temple:   eino_temple_scatter_basement

Skill      XL: |  1  2  3  4  5  6 |
---------------+-------------------+-----
Axes           | 2 3 |  3.6
Fighting       | 3 4 |  4.2
Invocations    | 1 2 3 |  3.4
Shields        | 3 |  3.5
Dodging        | 1 |  1.8
Armour         | 3 |  3.2

Action                   |  1- 3 |  4- 6 |  7- 9 || total
-------------------------+-------+-------+-------++-------
Melee: War axe           |    92 |   132 |    32 ||   256
       Bite              |    19 |    30 |    10 ||    59
Evoke: Wand              |       |     1 |       ||     1
  Use: Potion            |       |     1 |     2 ||     3
Armor: Scale mail        |    45 |    75 |    24 ||   144
Dodge: Dodged            |    56 |    84 |    33 ||   173
Block: Buckler           |    26 |    40 |     6 ||    72

Table legend: (Time is in decaauts)
 A = Elapsed time spent in this place.
 B = Non-inter-level travel time spent in this place.
 C = Inter-level travel time spent in this place.
 D = Time resting spent in this place.
 E = Time spent auto-exploring this place.
 F = Levels seen in this place.
 G = Mean time per level.
                   A        B        C        D        E       F      G
               +--------+--------+--------+--------+--------+-----+--------+
         Total |   4411 |   4301 |    110 |    312 |   3240 |   6 |  735.2 |
       Dungeon |   4190 |   4124 |     66 |    312 |   3078 |   5 |  838.0 |
        Temple |    221 |    177 |     44 |      0 |    162 |   1 |  221.0 |
               +--------+--------+--------+--------+--------+-----+--------+

Top non-repeatable levels by time:
     D:1: 1437 daAuts
     D:2: 1170 daAuts
     D:3: 636 daAuts
     D:4: 539 daAuts
     D:5: 406 daAuts
  Temple: 221 daAuts
